Map: Terrasses de Prion

Players

Wakka

  • Race: Zerg Zerg
  • League: Silver

pupu - Winner!

  • Race: Protoss Protoss
  • League: Silver

VOD

Have the link to the VOD?

Description

Time

  • Played on: April 1, 2016, 10:21 a.m.
  • Length: 9:09
Show
View Real Time Build Order
Export as new Build Order

Wakka Zerg 

Build Orders: Hatch First 

Get SALT Encoding   

  12  0:02  Drone  
  13  0:12  Drone  
  14  0:17  Overlord  
  14  0:36  Drone  
  14  0:37  Drone x2  
  17  0:48  Drone  
  18  0:58  Hatchery  
  18  1:00  Drone  
  18  1:03  Extractor  
  17  1:09  Drone  
  18  1:20  Drone  
  18  1:23  Spawning Pool  
  18  1:31  Drone  
  19  1:41  Overlord  
  19  2:09  Queen  
  19  2:10  Queen  
  19  2:12  Drone  
  19  2:15  Zergling x2  
  25  2:16  Drone x2  
  27  2:31  Metabolic Boost  
  27  2:37  Drone  
  28  2:45  Queen  
  28  2:46  Queen  
  32  2:57  Zergling x2, Roach Warren  
  32  2:58  Drone  
  33  3:02  Extractor  
  33  3:03  Drone  
  33  3:04  Drone x2  
  35  3:08  Overlord  
  34  3:36  Roach  
  34  3:37  Roach x3  
  34  3:39  Drone x2  
  34  3:40  Overlord  
  44  3:41  Overlord  
  44  4:14  Hatchery  
  43  4:26  Lair  
  43  4:41  Roach  
  43  4:42  Roach x7  
  43  4:44  Overlord x2  
  59  5:26  Hydralisk Den  
  58  5:30  Overseer  
  58  5:32  Overseer  
  58  5:35  Queen  
  60  5:36  Drone  
  61  5:44  Extractor  
  61  5:46  Extractor  
  59  6:22  Hydralisk  
  59  6:23  Hydralisk x9  
  79  6:25  Zergling x2  
  79  6:26  Zergling x4  
  79  6:27  Overlord x7  
  82  6:52  Muscular Augments  
  82  6:53  Glial Reconstitution  
  82  6:59  Drone  
  83  7:07  Drone  
  83  7:08  Drone x2  
  86  7:25  Hydralisk  
  86  7:26  Hydralisk x3  
  86  7:28  Zergling x2  
  53  7:52  Roach x4  
  53  7:53  Roach x2  
  57  8:06  Hydralisk x2  
  38  8:43  Zergling x2  
  38  8:44  Zergling x24  
Show
View Real Time Build Order
Export as new Build Order

pupu Protoss - Winner!

Build Orders: 1 Gate Expand 

Get SALT Encoding   

  12  0:01  Probe (Chrono Boost)  
  13  0:11  Probe (Chrono Boost)  
  14  0:18  Pylon  
  14  0:22  Probe (Chrono Boost)  
  15  0:37  Probe (Chrono Boost)  
  15  0:40  Gateway  
  16  0:47  Probe (Chrono Boost)  
  17  0:58  Probe (Chrono Boost)  
  18  1:15  Nexus  
  18  1:35  Cybernetics Core, Probe (Chrono Boost)  
  19  1:41  Assimilator  
  19  1:47  Pylon  
  19  1:48  Assimilator  
  19  1:49  Probe (Chrono Boost)  
  19  1:53  Zealot  
  22  1:59  Probe (Chrono Boost)  
  23  2:17  Probe (Chrono Boost)  
  24  2:23  Pylon  
  24  2:26  Gateway  
  24  2:29  Gateway  
  24  2:32  Probe (Chrono Boost)  
  26  2:37  Probe (Chrono Boost)  
  26  2:38  Warp Gate (Chrono Boost)  
  26  2:41  Probe  
  27  2:49  Probe  
  28  2:53  Probe, Stalker  
  31  3:03  Twilight Council  
  31  3:05  Probe x2  
  33  3:15  Adept  
  33  3:18  Adept  
  33  3:19  Probe  
  38  3:27  Pylon  
  38  3:30  Probe  
  38  3:32  Pylon  
  38  3:33  Probe  
  40  3:40  Probe, Assimilator  
  40  3:43  Adept  
  40  3:47  Adept  
  45  3:51  Adept  
  47  3:58  Resonating Glaives (Chrono Boost)  
  47  4:02  Probe  
  47  4:03  Probe  
  47  4:06  Pylon  
  49  4:14  Probe  
  49  4:15  Probe (Chrono Boost)  
  51  4:19  Gateway  
  51  4:21  Pylon  
  51  4:25  Robotics Facility  
  51  4:28  Probe (Chrono Boost)  
  51  4:29  Probe (Chrono Boost)  
  53  4:36  Assimilator  
  53  5:06  Stalker x3  
  55  5:13  Immortal (Chrono Boost)  
  59  5:18  Probe x2  
  61  5:30  Probe x2  
  61  5:32  Adept x2  
  61  5:33  Adept x2  
  71  5:35  Pylon  
  71  5:53  Immortal (Chrono Boost)  
  75  5:59  Gateway  
  75  6:00  Gateway  
  75  6:02  Gateway  
  75  6:07  Gateway  
  75  6:09  Gateway  
  75  6:14  Adept x4  
  83  6:23  Pylon  
  83  6:25  Nexus  
  83  6:28  Immortal (Chrono Boost)  
  87  6:42  Stalker x4  
  95  6:59  Stalker x3  
  101  7:07  Pylon  
  101  7:08  Pylon  
  101  7:11  Pylon  
  101  7:13  Pylon  
  101  7:26  Immortal (Chrono Boost)  
  63  7:52  Stalker x6  
  63  7:53  Stalker x3  
  73  8:30  Stalker x9  
  73  8:32  Immortal (Chrono Boost)  
  95  8:51  Probe  
  95  8:53  Probe x2  
  98  8:55  Stalker  
  98  8:56  Stalker x2  
  98  8:58  Sentry x2  
Tags
 
Add a new tag
Caveats
  • Supply blocks, unpowered buildings, or Contaminate may cause inaccurate times.
  • Supply counts are checked every 10 seconds.